cohdb
Replays
Latest Replays
All Replays
Popular Replays
Top Player Replays
Match Explorer
How It Works
Community
CoH3 Stats
Reddit
Sign in to upload your games and track your stats! →
Sign in with Steam
Match 41873144
Unlisted
Match 41873144
Overview
Messages
Build Orders
End
Vickers Machine Gun Team
Selects Canadian Shock Battlegroup
Royal Engineer Section
Construct Section Command Post
Infantry Section
Infantry Section
Grenade Package
Construct Platoon Command Post
Selects Attacking Spirit
Selects Canadian Shock Section
Unlock M3 Stuart Light Tanks
Selects Incendiary Munitions
M3 Stuart Light Tank
Light Vehicle Training
Canadian Shock Section
Selects Pyrotechnics
Construct Company Command Post
6-pounder Anti-tank Gun Team
Construct Field Infirmary
Matilda II Heavy Tank
Unlock M3 Grant Medium Tanks
Selects Demolition Engineering
Demolition Engineering
M3 Grant Medium Tank
Dullahan
mrce
0
0
Comments
sign in to comment!
No comments posted yet!